 Dungeon Crawl Stone Soup version 0.23-a0-296-ga3b1b28 (webtiles) character file.

3 iamserjio the Sneak (level 1, -1/11 HPs)
             Began as an Octopode Enchanter on Oct 5, 2018.
             Slain by a hobgoblin
             ... wielding a +0 club
              (5 damage)
             ... on level 1 of the Dungeon.
             The game lasted 00:00:51 (92 turns).

iamserjio the Sneak (Octopode Enchanter)              Turns: 92, Time: 00:00:52

Health: -1/11      AC:  1    Str:  7    XL:     1   Next: 50%
Magic:  3/3        EV: 13    Int: 17    God:
Gold:   53         SH:  0    Dex: 12    Spells: 3/4 levels left

rFire    . . .     SeeInvis .   a - +1 dagger
rCold    . . .     Gourm    .   (no shield)
rNeg     . . .     Faith    .   (helmet restricted)
rPois    .         Spirit   .   (no amulet)
rElec    .         Reflect  .   (no ring)
rCorr    .         Harm     .   (no ring)
MR       .....                  (no ring)
Stlth    +++.......             (no ring)
HPRegen  0.03/turn              (no ring)
MPRegen  0.08/turn              (no ring)
                                (no ring)
                                (no ring)

@: no status effects
A: almost no armour, stealthy swim, amphibious, 8 rings, constrict 8, camouflage
1, gelatinous body 1
a: no special abilities


You were on level 1 of the Dungeon.
You were not hungry.

You visited 1 branch of the dungeon, and saw 1 of its levels.

You collected 53 gold pieces.

Inventory:

Hand Weapons
 a - a +1 dagger (weapon)
Scrolls
 d - a scroll of noise {unknown}
 e - a scroll of teleportation {unknown}
 g - a scroll of remove curse {unknown}
 i - a scroll of random uselessness {unknown}
Potions
 b - a potion of curing {unknown}
 f - a potion of haste {unknown}
Comestibles
 c - a ration
 h - a chunk of flesh


   Skills:
 + Level 0.2 Fighting
 + Level 1.1 Short Blades
 - Level 2.0 Dodging
 + Level 4.1 Stealth
 * Level 0.4 Unarmed Combat
 - Level 2.0 Spellcasting
 - Level 3.0 Hexes


You had 3 spell levels left.
You knew the following spells:

 Your Spells              Type           Power        Failure   Level  Hunger
a - Corona                Hex            ##.....      5%          1    #......

Your spell library contained the following spells:

 Spells                   Type           Power        Failure   Level  Hunger
 Ensorcelled Hibernation  Hex/Ice        #.....       16%         2    ###....
 Confuse                  Hex            ##......     17%         3    ###....
 Tukima's Dance           Hex            ##......     17%         3    ###....
 Dazzling Spray           Conj/Hex       #.....       30%         3    ###....


Dungeon Overview and Level Annotations

Branches:
Dungeon (1/15)

Altars:


Innate Abilities, Weirdness & Mutations

You cannot wear most types of armour.
You are very stealthy in the water. (Stealth+)
You are amphibious.
You can wear up to eight rings at the same time.
You can use your tentacles to constrict eight enemies at once.
Your skin changes colour to match your surroundings (Stealth+).
Your rubbery body absorbs attacks. (AC +1, EV +1)


Message History

The rat closely misses you.
You hit the rat.
You kill the rat!
You see here a rat corpse.
You butcher the rat corpse.
h - a chunk of flesh You see here a rat skeleton.
Found a stone staircase leading down.
A hobgoblin comes into view. It is wielding a club.
You see here a scroll labeled ETUOXZ BAS NOF.
i - a scroll labeled ETUOXZ BAS NOF The hobgoblin hits you with a club.
You hit the hobgoblin but do no damage. You grab the hobgoblin.
You constrict the hobgoblin. The hobgoblin misses you.
You hit the hobgoblin.
You constrict the hobgoblin, but do no damage.
The hobgoblin hits you with a club.
You barely miss the hobgoblin. You constrict the hobgoblin.
The hobgoblin hits you with a club.
You die...

............#
≈≈≈.#.......#
≈≈≈≈#....†..#
..≈≈#.......#
########.
#####.......+
........
#.......###......#
#####...........
#....#.#.###.# ..
#.##.#.#.#g@.# #...
#....###.###.###...>.
#.#..............# #
##.............#
#.#.#.#.#.#.#.#
#.#.#.#.#.#.# #
#.###.###.###.#
#.............##
#..............#


You could see a hobgoblin.

Vanquished Creatures
  A hobgoblin (D:1)
  A kobold (D:1)
  A rat (D:1)
3 creatures vanquished.

Notes
Turn   | Place    | Note
-------+----------+-------------------------------------------
     0 | D:1      | iamserjio the Octopode Enchanter began the quest for the
                  | Orb.
     0 | D:1      | Reached XP level 1. HP: 11/11 MP: 3/3
    92 | D:1      | Slain by a hobgoblin

Vault maps used:
D:1:      dpeg_arrival_chase, minmay_misc_feat_nine_boxes, minmay_misc_feat_rows

Action                   || total
-------------------------++-------
Melee: Dagger            ||     8
       Constrict         ||     4
       Tentacles         ||     2
Armor: Skin              ||     1
Dodge: Dodged            ||     2

Table legend:
 A = Non-vault XP
 B = Vault XP
 C = Vault XP percentage of total XP
 D = Non-vault monster count
 E = Vault monster count
 F = Vault count percentage of total count
                 A         B        C        D         E       F
            +---------+---------+-------+---------+---------+-------
      Total |       5 |       0 |   0.0 |       3 |       0 |   0.0
            +---------+---------+-------+---------+---------+-------
        D:1 |       5 |       0 |   0.0 |       3 |       0 |   0.0
            +---------+---------+-------+---------+---------+-------
